RBL
KANSAS CITY ROYALS @ MILWAUKEE BREWERS
06/08/1997
 
TOP OF THE 1ST
Kansas City Royals batting - Pitching for Milwaukee Brewers : LHP Rocky Elli
Pitching: LHP Rocky Elli
Batting: RHB Quinn Williams 0-0: Fly out, F9 (Flyball, 9, EV 86.3 MPH)
Batting: SHB Mark Kingston 0-0: Ball
1-0: SINGLE (Line Drive, 3D, EV 102.5 MPH)
Batting: SHB Felix Jose 0-0: Called Strike
0-1: Foul Ball, location: 25F
0-2: Ball
1-2: Strikes out swinging
Batting: RHB Craig Burton 0-0: Foul Ball, location: 2F
0-1: Foul Ball, location: 2RF
0-2: Ball
1-2: Foul Ball, location: 2F
1-2: Foul Ball, location: 9LDF
1-2: Single, Error in OF, E7, batter to second base (Line Drive, 7S, EV 97.5 MPH)
Mark Kingston to third
Batting: RHB Willis Otanez 0-0: Ball
1-0: Ball
2-0: Ball
3-0: Called Strike
3-1: Swinging Strike
3-2: SINGLE (Groundball, 34D, EV 103.8 MPH)
Mark Kingston scores
Craig Burton to third
Runner from 3rd tries for Home, SAFE, throw by RF to home
Willis Otanez to second
Batting: RHB Anthony Sanders 0-0: Called Strike
0-1: Ball
1-1: Fly out, F8 (Flyball, 89D, EV 94.4 MPH)
Top of the 1st over - 2 runs, 3 hits, 1 error, 1 left on base; Kansas City 2 - Milwaukee 0
BOTTOM OF THE 1ST
Milwaukee Brewers batting - Pitching for Kansas City Royals : RHP Shawn Box
Pitching: RHP Shawn Box
Batting: RHB Raul Mondesi 0-0: Called Strike
0-1: Ground out 4-3 (Groundball, 4D, EV 82.5 MPH)
Batting: RHB Gary Sheffield 0-0: Ball
1-0: Fly out, F9 (Flyball, 9LS, EV 83.1 MPH)
Batting: RHB Derrek Lee 0-0: Called Strike
0-1: Ball
1-1: Fly out, F6 (Popup, 6MD, EV 60.0 MPH)
Bottom of the 1st over - 0 runs, 0 hits, 0 errors, 0 left on base; Kansas City 2 - Milwaukee 0
TOP OF THE 2ND
Kansas City Royals batting - Pitching for Milwaukee Brewers : LHP Rocky Elli
Batting: LHB Chris Knabenshue 0-0: Ball
1-0: Ball
2-0: Foul Ball, location: 2F
2-1: Ball
3-1: Foul Ball, location: 7LDF
3-2: Fly out, F8 (Flyball, 8RD, EV 107.5 MPH)
Batting: RHB Mike Macfarlane 0-0: DOUBLE (Line Drive, 9LD, EV 106.3 MPH)
Batting: LHB Kip Harkrider 0-0: Called Strike
0-1: Ball
1-1: Ball
2-1: SINGLE (Line Drive, 8RS, EV 98.1 MPH)
Mike Macfarlane to third
Batting: RHB Quinn Williams 0-0: Called Strike
0-1: Swinging Strike
0-2: Ball
1-2: Foul Ball, location: 25F
1-2: Ball
2-2: Foul Ball, location: 9LSF
2-2: Foul Ball, location: 7LDF
2-2: Ball
3-2: Base on Balls
Kip Harkrider to second
Batting: SHB Mark Kingston 0-0: Ball
1-0: Ball
2-0: Ball
3-0: Called Strike
3-1: Base on Balls
Mike Macfarlane scores
Kip Harkrider to third
Quinn Williams to second
Batting: SHB Felix Jose 0-0: Foul Ball, location: 23FF
0-1: Foul Ball, location: 2F
0-2: Ball
1-2: Ball
2-2: Ball
3-2: Foul Ball, location: 25F
3-2: Foul Ball, location: 2F
3-2: Fielders Choice at 2nd, 5-4 (Groundball, 56S, EV 89.4 MPH)
Kip Harkrider scores
Quinn Williams to third
Batting: RHB Craig Burton 0-0: Called Strike
0-1: Called Strike
0-2: Foul Ball, location: 5F
0-2: Strikes out swinging
Top of the 2nd over - 2 runs, 2 hits, 0 errors, 2 left on base; Kansas City 4 - Milwaukee 0
BOTTOM OF THE 2ND
Milwaukee Brewers batting - Pitching for Kansas City Royals : RHP Shawn Box
Batting: LHB Mel Rodriguez 0-0: Called Strike
0-1: SOLO HOME RUN (Flyball, 9LD, EV 98.8 MPH), Distance : 352 ft
Batting: LHB Tino Martinez 0-0: Fly out, F8 (Flyball, 89D, EV 100.0 MPH)
Batting: LHB Roberto Casasnovas 0-0: Ball
1-0: Called Strike
1-1: Ball
2-1: Ball
3-1: Foul Ball, location: 2F
3-2: Foul Ball, location: 2F
3-2: Foul Ball, location: 23F
3-2: Ground out U3 (Groundball, 3L, EV 103.8 MPH)
Batting: RHB Ricky Vasquez 0-0: Called Strike
0-1: Fly out, F4 (Popup, 23, EV 83.1 MPH)
Bottom of the 2nd over - 1 run, 1 hit, 0 errors, 0 left on base; Kansas City 4 - Milwaukee 1
TOP OF THE 3RD
Kansas City Royals batting - Pitching for Milwaukee Brewers : LHP Rocky Elli
Batting: RHB Willis Otanez 0-0: Called Strike
0-1: Swinging Strike
0-2: Strikes out swinging
Batting: RHB Anthony Sanders 0-0: Called Strike
0-1: Fly out, F8 (Flyball, 89XD, EV 105.6 MPH)
Batting: LHB Chris Knabenshue 0-0: Ball
1-0: Ground out 4-3 (Groundball, 4S, EV 103.8 MPH)
Top of the 3rd over - 0 runs, 0 hits, 0 errors, 0 left on base; Kansas City 4 - Milwaukee 1
BOTTOM OF THE 3RD
Milwaukee Brewers batting - Pitching for Kansas City Royals : RHP Shawn Box
Batting: SHB Ernesto Rodriguez 0-0: Swinging Strike
0-1: Ball
1-1: DOUBLE (Line Drive, 89M, EV 94.4 MPH)
Batting: RHB Alex Rodriguez 0-0: Fly out, F7 (Flyball, 7D, EV 108.1 MPH)
Runner from 2nd tags up, SAFE at 3rd with throw by LF
Batting: RHB Raul Mondesi 0-0: Fly out, F9 (Flyball, 9, EV 90.6 MPH)
Runner from 3rd tags up, SCORES, no throw by RF
Batting: RHB Gary Sheffield 0-0: Ball
1-0: Ground out 1-3 (Groundball, 13S, EV 73.8 MPH)
Bottom of the 3rd over - 1 run, 1 hit, 0 errors, 0 left on base; Kansas City 4 - Milwaukee 2
TOP OF THE 4TH
Kansas City Royals batting - Pitching for Milwaukee Brewers : LHP Rocky Elli
Batting: RHB Mike Macfarlane 0-0: Ball
1-0: Fly out, F7 (Flyball, 7LS, EV 78.1 MPH)
Batting: LHB Kip Harkrider 0-0: Ball
1-0: Ball
2-0: Ball
3-0: Base on Balls
Batting: RHB Quinn Williams 0-0: Ball
1-0: Called Strike
1-1: Foul Ball, location: 7LSF
1-2: Foul Ball, location: 2F
1-2: Ball
2-2: Foul Ball, location: 2RF
2-2: Foul Ball, location: 9LSFF
2-2: Grounds into double play, 4-6-3 (Groundball, 4, EV 93.8 MPH)
Top of the 4th over - 0 runs, 0 hits, 0 errors, 0 left on base; Kansas City 4 - Milwaukee 2
BOTTOM OF THE 4TH
Milwaukee Brewers batting - Pitching for Kansas City Royals : RHP Shawn Box
Batting: RHB Derrek Lee 0-0: Ball
1-0: Fly out, F8 (Flyball, 8RM, EV 91.9 MPH)
Batting: LHB Mel Rodriguez 0-0: Called Strike
0-1: Ball
1-1: Ball
2-1: Foul Ball, location: 7LSF
2-2: Ground out 5-3 (Groundball, 56, EV 101.9 MPH)
Batting: LHB Tino Martinez 0-0: Swinging Strike
0-1: Ball
1-1: Called Strike
1-2: Ball
2-2: Strikes out swinging
Bottom of the 4th over - 0 runs, 0 hits, 0 errors, 0 left on base; Kansas City 4 - Milwaukee 2
TOP OF THE 5TH
Kansas City Royals batting - Pitching for Milwaukee Brewers : LHP Rocky Elli
Batting: SHB Mark Kingston 0-0: Foul Ball, location: 2RF
0-1: Foul Ball, location: 3F
0-2: Fly out, F3 (Popup, 3SF, EV 71.3 MPH)
Batting: SHB Felix Jose 0-0: Ball
1-0: Ball
2-0: Swinging Strike
2-1: SINGLE (Flyball, 34D, EV 84.4 MPH)
Batting: RHB Craig Burton 0-0: Called Strike
0-1: Ball
1-1: Foul Ball, location: 3SF
1-2: Ball
2-2: Strikes out swinging
Batting: RHB Willis Otanez 0-0: Ball
1-0: Foul Ball, location: 9LDF
1-1: Swinging Strike
1-2: Foul Ball, location: 7LSF
1-2: Strikes out swinging
Top of the 5th over - 0 runs, 1 hit, 0 errors, 1 left on base; Kansas City 4 - Milwaukee 2
BOTTOM OF THE 5TH
Milwaukee Brewers batting - Pitching for Kansas City Royals : RHP Shawn Box
Batting: LHB Roberto Casasnovas 0-0: Called Strike
0-1: SINGLE (Line Drive, 34, EV 97.5 MPH)
Batting: RHB Ricky Vasquez 0-0: Called Strike
0-1: Ball
1-1: Sac Bunt to 5S - play at first, batter OUT! 5-3
Roberto Casasnovas to second
Batting: SHB Ernesto Rodriguez 0-0: Ball
1-0: Ball
2-0: Ground out 4-3 (Groundball, 4D, EV 97.5 MPH)
Roberto Casasnovas to third
Batting: RHB Alex Rodriguez 0-0: Ball
1-0: SINGLE (Line Drive, 4D, EV 101.9 MPH)
Roberto Casasnovas scores
Batting: RHB Raul Mondesi 0-0: Called Strike
0-1: Ball
1-1: Ball
2-1: Foul Ball, location: 2F
2-2: Ball
3-2: Ground out 6-3 (Groundball, 6, EV 88.1 MPH)
Bottom of the 5th over - 1 run, 2 hits, 0 errors, 1 left on base; Kansas City 4 - Milwaukee 3
TOP OF THE 6TH
Kansas City Royals batting - Pitching for Milwaukee Brewers : LHP Rocky Elli
Batting: RHB Anthony Sanders 0-0: Called Strike
0-1: Ball
1-1: Called Strike
1-2: DOUBLE (Line Drive, 9LS, EV 91.9 MPH)
Batting: LHB Chris Knabenshue 0-0: Ball
1-0: Foul Ball, location: 7LMF
1-1: Ground out 4-3 (Groundball, 4, EV 90.6 MPH)
Anthony Sanders to third
Batting: RHB Mike Macfarlane 0-0: Called Strike
0-1: Ball
1-1: Called Strike
1-2: Strikes out swinging
Batting: LHB Kip Harkrider 0-0: Called Strike
0-1: SINGLE (Groundball, 4MD, EV 95.0 MPH)
Anthony Sanders scores
Batting: RHB Quinn Williams 0-0: Called Strike
0-1: Ball
1-1: Ball
2-1: Called Strike
2-2: Ball
Wild Pitch!
Kip Harkrider to second
3-2: Base on Balls
Batting: SHB Mark Kingston 0-0: Swinging Strike
0-1: Ball
1-1: Swinging Strike
1-2: Ball
2-2: Strikes out looking
Top of the 6th over - 1 run, 2 hits, 0 errors, 2 left on base; Kansas City 5 - Milwaukee 3
BOTTOM OF THE 6TH
Milwaukee Brewers batting - Pitching for Kansas City Royals : RHP Shawn Box
Batting: RHB Gary Sheffield 0-0: Called Strike
0-1: Called Strike
0-2: DOUBLE (Line Drive, 89M, EV 105.6 MPH)
Batting: RHB Derrek Lee 0-0: Ground out 4-3 (Groundball, 4, EV 82.5 MPH)
Gary Sheffield to third
Batting: LHB Mel Rodriguez 0-0: Ball
1-0: Ball
Wild Pitch!
Gary Sheffield scores
2-0: Fly out, F7 (Flyball, 7LM, EV 103.1 MPH)
Batting: LHB Tino Martinez 0-0: DOUBLE (Flyball, 8LXD, EV 98.1 MPH)
Batting: LHB Roberto Casasnovas 0-0: Called Strike
0-1: Ball
1-1: Ball
2-1: Ball
3-1: Fly out, F7 (Flyball, 78M, EV 93.1 MPH)
Bottom of the 6th over - 1 run, 2 hits, 0 errors, 1 left on base; Kansas City 5 - Milwaukee 4
TOP OF THE 7TH
Kansas City Royals batting - Pitching for Milwaukee Brewers : LHP Rocky Elli
Pitching: RHP Mike Bielecki
Batting: SHB Felix Jose 0-0: Called Strike
0-1: Called Strike
0-2: Ball
1-2: Strikes out swinging
Batting: RHB Craig Burton 0-0: Called Strike
0-1: DOUBLE (Groundball, 5L, EV 106.3 MPH)
Batting: RHB Willis Otanez 0-0: Called Strike
0-1: Foul Ball, location: 2F
0-2: Strikes out swinging
Batting: RHB Anthony Sanders 0-0: Called Strike
0-1: SINGLE (Groundball, 56D, EV 94.4 MPH)
Craig Burton to third
Runner from 3rd tries for Home, throw by LF and OUT! 7-2
Top of the 7th over - 0 runs, 2 hits, 0 errors, 1 left on base; Kansas City 5 - Milwaukee 4
BOTTOM OF THE 7TH
Milwaukee Brewers batting - Pitching for Kansas City Royals : RHP Shawn Box
Batting: RHB Ricky Vasquez 0-0: Called Strike
0-1: Ball
1-1: Called Strike
1-2: Ball
2-2: Foul Ball, location: 25F
2-2: Foul Ball, location: 2F
2-2: Fly out, F8 (Flyball, 8LM, EV 80.6 MPH)
Batting: SHB Ernesto Rodriguez 0-0: Ball
1-0: Called Strike
1-1: Foul Ball, location: 2F
1-2: Ground out 4-3 (Groundball, 4, EV 83.1 MPH)
Pinch Hitting: RHB Tim Naehring 0-0: Ground out 6-3 (Groundball, 6, EV 90.6 MPH)
Bottom of the 7th over - 0 runs, 0 hits, 0 errors, 0 left on base; Kansas City 5 - Milwaukee 4
TOP OF THE 8TH
Kansas City Royals batting - Pitching for Milwaukee Brewers : RHP Mike Bielecki
Now at 3B: Tim Naehring
Batting: LHB Chris Knabenshue 0-0: Foul Ball, location: 3FF
0-1: Foul Ball, location: 2F
0-2: Strikes out looking
Batting: RHB Mike Macfarlane 0-0: Ball
1-0: Ball
2-0: Ball
3-0: Base on Balls
Batting: LHB Kip Harkrider 0-0: Ball
1-0: Grounds into double play, 3-6-1 (Groundball, 3, EV 85.6 MPH)
Top of the 8th over - 0 runs, 0 hits, 0 errors, 0 left on base; Kansas City 5 - Milwaukee 4
BOTTOM OF THE 8TH
Milwaukee Brewers batting - Pitching for Kansas City Royals : RHP Shawn Box
Batting: RHB Raul Mondesi 0-0: Ball
1-0: Ground out 4-3 (Groundball, 4, EV 89.4 MPH)
Pinch Hitting: LHB Chris Richard 0-0: Called Strike
0-1: Called Strike
0-2: Fly out, F8 (Flyball, 8RXD, EV 94.4 MPH)
Batting: RHB Derrek Lee 0-0: Ball
1-0: Swinging Strike
1-1: DOUBLE (Flyball, 78XD, EV 100.0 MPH)
Batting: LHB Mel Rodriguez 0-0: Fly out, F7 (Flyball, 78S, EV 90.0 MPH)
Bottom of the 8th over - 0 runs, 1 hit, 0 errors, 1 left on base; Kansas City 5 - Milwaukee 4
TOP OF THE 9TH
Kansas City Royals batting - Pitching for Milwaukee Brewers : RHP Mike Bielecki
Pitching: RHP Rod Henderson
Now at 3B: Kevin Mitchell
Now at SS: Tim Naehring
Pinch Hitting: LHB Cliff Floyd 0-0: Ball
1-0: Ball
2-0: Ball
3-0: Base on Balls
Batting: SHB Mark Kingston 0-0: Ball
1-0: Called Strike
1-1: Swinging Strike
1-2: Ball
Cliff Floyd steals 2nd base
2-2: Foul Ball, location: 2F
2-2: Ball
3-2: Ground out U3 (Groundball, 34, EV 83.8 MPH)
Cliff Floyd to third
Batting: SHB Felix Jose 0-0: Intentional Walk
Pinch Hitting: LHB Trot Nixon 0-0: Ball
1-0: Swinging Strike
1-1: Foul Ball, location: 7LMF
1-2: Fielders Choice at home, 5-2 (Groundball, 56S, EV 90.6 MPH)
Felix Jose to second
Batting: RHB Willis Otanez 0-0: Ball
1-0: Ball
2-0: Fly out, F7 (Flyball, 7, EV 88.1 MPH)
Top of the 9th over - 0 runs, 0 hits, 0 errors, 2 left on base; Kansas City 5 - Milwaukee 4
BOTTOM OF THE 9TH
Milwaukee Brewers batting - Pitching for Kansas City Royals : RHP Shawn Box
Pitching: RHP Paul Quantrill
Now at 2B: Eric Owens
Now in RF: Cliff Floyd
Batting: LHB Tino Martinez 0-0: Called Strike
0-1: Swinging Strike
0-2: Ball
1-2: Ball
2-2: Fly out, F5 (Popup, 25, EV 76.9 MPH)
Batting: LHB Roberto Casasnovas 0-0: Fly out, F9 (Flyball, 89S, EV 98.8 MPH)
Pinch Hitting: LHB Peter Schmidt 0-0: Called Strike
0-1: Ball
1-1: Foul Ball, location: 3SF
1-2: SINGLE (Groundball, 34D, EV 94.4 MPH)
Batting: SHB Ernesto Rodriguez 0-0: Ball
1-0: Called Strike
1-1: Foul Ball, location: 2F
1-2: Foul Ball, location: 2F
1-2: Ball
2-2: Ball
3-2: Base on Balls
Peter Schmidt to second
Pitching: RHP Mike Brady
Batting: RHB Tim Naehring 0-0: Called Strike
0-1: Ball
1-1: Called Strike
1-2: Ball
2-2: Foul Ball, location: 9LSF
2-2: Foul Ball, location: 25F
2-2: Ball
3-2: Fly out, F8 (Flyball, 8RD, EV 105.0 MPH)
Bottom of the 9th over - 0 runs, 1 hit, 0 errors, 2 left on base; Kansas City 5 - Milwaukee 4
Wednesday, March 20th , 2024 - OOTP Baseball 24.7 Build 72